 Dungeon Crawl Stone Soup version 0.26-a0-58-g79b31b8662 (webtiles) character file.

Game seed: 17813047849391409551

56 BritishOli the Slasher (level 3, -1/29 HPs)
             Began as a Demonspawn Monk on June 8, 2020.
             Killed by nerve-wracking pain
             ... invoked by Jessica
              (11 damage)
             ... on level 3 of the Dungeon.
             The game lasted 00:01:44 (2102 turns).

BritishOli the Slasher (Demonspawn Monk)            Turns: 2102, Time: 00:01:44

Health: -1/29      AC:  7    Str: 12    XL:     3   Next: 71%
Magic:  3/3        EV: 10    Int: 11    God:
Gold:   47         SH:  0    Dex: 15    Spells: 2/2 levels left

rFire    . . .     SeeInvis .   a - +0 falchion
rCold    + . .     Gourm    .   (no shield)
rNeg     . . .     Faith    .   h - +0 scale mail
rPois    .         Spirit   .   e - +1 hat
rElec    .         Reflect  .   (no cloak)
rCorr    .         Harm     .   (no gloves)
MR       .....                  (no boots)
Stlth    +.........             (no amulet)
HPRegen  0.09/turn              (no ring)
MPRegen  0.08/turn              (no ring)

@: slowed, very slow
A: cold resistance 1
a: no special abilities


You were on level 3 of the Dungeon.
You were hungry.

You visited 1 branch of the dungeon, and saw 3 of its levels.

You collected 47 gold pieces.

Inventory:

Hand Weapons
 a - a +0 falchion (weapon)
Armour
 b - a +0 robe
 e - a +1 hat (worn)
 h - a +0 scale mail (worn)
Scrolls
 f - 9 scrolls of identify {unknown}
 g - a scroll of fog {unknown}
 i - a scroll of enchant weapon {unknown}
 j - a scroll of amnesia {unknown}
 l - a scroll of magic mapping {unknown}
 m - a scroll of fear {unknown}
Potions
 d - a potion of lignification {unknown}
 k - a potion of brilliance {unknown}
Comestibles
 c - 3 rations


   Skills:
 + Level 3.3 Fighting
 * Level 3.4 Long Blades
 + Level 1.1 Armour
 + Level 3.1 Dodging
 - Level 1.7 Stealth


You had 2 spell levels left.
You didn't know any spells.
Your spell library was empty.

Dungeon Overview and Level Annotations

Branches:
Dungeon (3/15)

Altars:
Yredelemnul

Annotations:
D:3 Jessica


Innate Abilities, Weirdness & Mutations

Your flesh is cold resistant. (rC+)


Message History

Jessica points at you and mumbles some strange words.
You resist with some effort.
You closely miss Jessica.
Jessica is moderately wounded.
Jessica barely misses you.
You riposte.
You hit Jessica.
Jessica is heavily wounded.
Jessica gestures at you while chanting.
You feel yourself slow down.
You hit Jessica.
Jessica is almost dead.
Jessica barely misses you. Jessica hits you but does no damage.
You hit Jessica but do no damage.
Jessica is almost dead.
Jessica hits you with a +0 club. x2
You hit Jessica.
Jessica is almost dead.
Jessica hits you but does no damage. x2
Jessica points at you and mumbles some strange words.
Pain shoots through your body!
You die...

###
#######.###########
#.................#
###.#####.######@##.#
#.......### #@..#
#.#.###.# #......
#.#.# #.# ##...#.#
#.#.###.# ##.####
#.#...#.# #.#
#.###.#<# #.#
#.###.#.# #+#
#.......#


You could see Jessica (fast).

Vanquished Creatures
  An adder (D:2)
  A worm (D:2)
  A dart slug (D:1)
  3 leopard geckos
  5 bats
  3 giant cockroaches
  10 hobgoblins
  2 jackals (D:1)
  5 frilled lizards
  2 kobolds (D:2)
  4 rats
  A spectral orc (D:3)
38 creatures vanquished.

Notes
Turn   | Place    | Note
-------+----------+-------------------------------------------
     0 | D:1      | BritishOli the Demonspawn Monk began the quest for the Orb.
     0 | D:1      | Reached XP level 1. HP: 18/18 MP: 1/1
   321 | D:1      | Gained mutation: Your flesh is cold resistant. (rC+)
                  | [demonic ancestry]
   321 | D:1      | Reached XP level 2. HP: 21/24 MP: 2/2
   978 | D:1      | Reached XP level 3. HP: 29/29 MP: 3/3
  1416 | D:2      | Reached skill level 1 in Armour
  2009 | D:3      | Found a basalt altar of Yredelemnul.
  2090 | D:3      | Noticed Jessica
  2102 | D:3      | Killed from afar by Jessica

Illustrated notes

Levels and vault maps discovered:
D:1:      evilmike_arrival_hilbert_curve, layout_loops_ring,
          serial_bayou_pond_a, minmay_tree_intersection, nrook_campfire
D:2:      layout_basic, first_ration
D:3:      layout_loops_corners, yredelemnul_forgotten_temple_becter,
          uniq_jessica

Skill      XL: |  1  2  3 |
---------------+----------+-----
Long Blades    | 3 |  3.4
Dodging        | 3 |  3.1
Armour         | 1 |  1.1
Fighting       | |  3.3
Stealth        | |  1.7

Action                   || total
-------------------------++-------
Melee: Falchion          ||   141
  Eat: Chunk             ||     3
Armor: Robe              ||    11
       Scale mail        ||    60
Dodge: Dodged            ||   103
       Rpst.: Falchion   ||    30

Table legend:
 A = Non-vault XP
 B = Vault XP
 C = Vault XP percentage of total XP
 D = Non-vault monster count
 E = Vault monster count
 F = Vault count percentage of total count
                 A         B        C        D         E       F
            +---------+---------+-------+---------+---------+-------
      Total |      80 |       1 |   1.2 |      37 |       1 |   2.6
            +---------+---------+-------+---------+---------+-------
        D:1 |      41 |       0 |   0.0 |      23 |       0 |   0.0
        D:2 |      39 |       0 |   0.0 |      14 |       0 |   0.0
        D:3 |       0 |       1 | 100.0 |       0 |       1 | 100.0
            +---------+---------+-------+---------+---------+-------
